AoeStats
← PZ|MBalu

Black Forest

510176184Analyzed
4v4 RM · 4d ago on Sep 29, 2026· 52m 31s· 8 players
Game mode
Random Map
Map size
Large (8 player)
Population
200
Speed
Normal
Resources
Standard
Victory
Conquest
Starting age
Dark Age
Ending age
Imperial Age
RankedLock teamsTeams togetherTeam positionsShared explorationLock speedFull tech treeHidden civsTurbo modeCheats
Victory
Defeat
🇦🇷 Turks · Argentina
1265
+14
🇦🇷 Mongols · Argentina
1244
+15
🇦🇷 Teutons · Argentina
1239
+15
🇦🇷 Vietnamese · Argentina
1207
+17
🇭🇺 Goths · Hungary
1266
-17
🇭🇺 Britons · Hungary
1232
-16
🇨🇴 Khmer · Colombia
1210
-15
🇭🇺 Danes · Hungary
1178
-13
Kestrel
2:12 Loom
12:27 Feudal Age
17:37 Castle Age
16:33 Stone Mining
16:57 Double-Bit Axe
19:20 Fishing Lines
29:43 Bow Saw
30:15 Wheelbarrow
29:26 Town Watch
30:24 Horse Collar
31:08 Gold Mining
31:41 Masonry
34:26 Imperial Age
32:08 Husbandry
32:46 Heavy Plow
32:59 Scale Barding Armor
32:49 Fletching
34:03 Gold Shaft Mining
34:03 Stone Shaft Mining
34:00 Chain Barding Armor
33:50 Tusk Swords
34:46 Elite Ballista Elephant
36:42 Bodkin Arrow
37:24 Conscription
38:11 Hoardings
38:59 Double Crossbow
39:46 Architecture
39:38 Ballistics
41:46 Plate Barding Armor
41:24 Forging
43:09 Chemistry
42:15 Siege Engineers
42:07 Murder Holes
42:29 Padded Archer Armor
42:32 Bracer
43:03 Caravan
47:23 Iron Casting
47:03 Leather Archer Armor
47:02 Bloodlines
49:11 Light Cavalry
PZ|SlothKing
0:42 Loom
14:19 Feudal Age
19:06 Fletching
23:06 Castle Age
22:03 Double-Bit Axe
25:59 Bodkin Arrow
33:38 Town Watch
36:08 Ballistics
37:43 Padded Archer Armor
PZ|MBalu
1:22 Loom
13:12 Feudal Age
17:09 Castle Age
16:17 Double-Bit Axe
24:07 Horse Collar
27:22 Wheelbarrow
26:42 Fishing Lines
33:08 Imperial Age
31:54 Gold Mining
33:26 Onager
34:45 Capped Ram
37:56 Fletching
PZ|ReDw1nG
2:46 Loom
12:44 Feudal Age
13:48 Double-Bit Axe
16:18 Castle Age
14:35 Horse Collar
17:26 Bow Saw
19:07 Heavy Plow
20:07 Wheelbarrow
22:47 Hand Cart
22:54 Gold Mining
25:14 Forging
29:27 Imperial Age
26:52 Stone Mining
29:57 Scale Mail Armor
31:16 Crop Rotation
31:00 Squires
31:40 Iron Casting
30:36 Elite Huskarl
31:51 Chain Mail Armor
31:46 Perfusion
31:59 Anarchy
33:05 Two-Man Saw
32:28 Perfusion
33:40 Conscription
49:02 Pikeman
50:10 Masonry
50:22 Ballistics
49:45 Halberdier
51:47 Blast Furnace
AM
0:29 Loom
14:38 Feudal Age
16:48 Wheelbarrow
16:06 Fletching
21:00 Castle Age
22:30 Hand Cart
22:25 Bodkin Arrow
22:44 Gold Mining
22:44 Stone Mining
26:10 Double-Bit Axe
34:02 Imperial Age
32:39 Forging
32:35 Scale Barding Armor
33:01 Horse Collar
34:01 Bow Saw
34:49 Bloodlines
35:24 Iron Casting
35:09 Chain Barding Armor
36:00 Cavalier
40:02 Blast Furnace
39:37 Plate Barding Armor
41:00 Plate Barding Armor
47:35 Paladin
50:17 Town Watch
AoG_Pipes
0:39 Loom
10:59 Feudal Age
12:39 Horse Collar
12:50 Double-Bit Axe
19:10 Castle Age
17:45 Town Watch
17:54 Stone Mining
22:09 Heavy Plow
22:20 Bow Saw
23:29 Wheelbarrow
24:26 Bloodlines
26:04 Husbandry
29:25 Forging
31:11 Iron Casting
30:41 Scale Barding Armor
35:57 Imperial Age
33:49 Chain Barding Armor
37:06 Conscription
37:09 Padded Archer Armor
36:59 Fletching
37:32 Sipahi
36:56 Heavy Cavalry Archer
37:41 Thumb Ring
52:56 Bodkin Arrow
53:16 Leather Archer Armor
AoG_Fernecito
0:30 Loom
12:24 Feudal Age
17:53 Castle Age
16:34 Town Watch
17:09 Double-Bit Axe
19:06 Bow Saw
21:35 Horse Collar
25:19 Gold Mining
27:31 Forging
27:55 Squires
27:42 Arson
28:13 Heavy Plow
30:02 Wheelbarrow
30:16 Masonry
30:49 Caravan
32:47 Hand Cart
32:32 Town Patrol
33:56 Iron Casting
33:22 Scale Mail Armor
33:13 Fletching
36:56 Imperial Age
35:59 Chain Mail Armor
35:58 Bloodlines
35:48 Husbandry
35:54 Bodkin Arrow
36:54 Scale Barding Armor
37:44 Chatras
38:39 Ballistics
38:19 Murder Holes
AoG_Lotsen
11:22 Feudal Age
14:23 Double-Bit Axe
16:53 Fishing Lines
21:02 Castle Age
20:09 Scale Barding Armor
20:15 Forging
20:33 Gold Mining
21:35 Gillnets
22:11 Bow Saw
23:46 Iron Casting
24:36 Husbandry
24:47 Bloodlines
27:37 Chain Barding Armor
31:43 Wheelbarrow
30:54 Town Watch
34:20 Imperial Age
34:28 Imperial Age
32:01 Town Patrol
31:47 Loom
33:05 Masonry
33:35 Hand Cart
33:18 Fletching
33:28 Padded Archer Armor
34:23 Ballistics
34:02 Bodkin Arrow
35:08 Gold Shaft Mining
34:25 Stone Mining
34:37 Onager
36:04 Drill
36:08 Heavy Scorpion
38:59 Blast Furnace
39:06 Chemistry
37:37 Elite Mangudai
40:17 Siege Engineers
40:16 Siege Onager
43:06 Stone Shaft Mining
44:29 Light Cavalry
45:11 Bracer
47:26 Capped Ram
48:50 Siege Ram
Connection lost

Rejoining the realm…

Still unreachable

The connection could not be restored.

Session expired

The server has moved on; the page needs a fresh start.